 Dungeon Crawl Stone Soup version 0.24-a0-201-gf205589 (webtiles) character file.

Game seed: 9208257813133889146

28 Azzok the Insei (level 3, -5/23 HPs)
             Began as an Octopode Transmuter on Mar 25, 2019.
             Killed from afar by Sigmund (7 damage)
             ... with a puff of flame
             ... on level 2 of the Dungeon.
             The game lasted 00:01:47 (1234 turns).

Azzok the Insei (Octopode Transmuter)               Turns: 1234, Time: 00:01:48

Health: -5/23      AC:  1    Str:  9    XL:     3   Next: 12%
Magic:  1/6        EV: 13    Int: 16    God:
Gold:   89         SH:  0    Dex: 12    Spells: 2/6 levels left

rFire    . . .     SeeInvis .     - Unarmed
rCold    . . .     Gourm    .   (no shield)
rNeg     . . .     Faith    .   (helmet restricted)
rPois    .         Spirit   .   (no amulet)
rElec    .         Reflect  .   (no ring)
rCorr    .         Harm     .   (no ring)
MR       .....                  (no ring)
Stlth    ++........             (no ring)
HPRegen  0.07/turn              (no ring)
MPRegen  0.10/turn              (no ring)
                                (no ring)
                                (no ring)

@: very slightly contaminated
A: almost no armour, stealthy swim, amphibious, 8 rings, constrict 8, camouflage
1, gelatinous body 1
a: no special abilities


You were on level 2 of the Dungeon.
You were not hungry.

You visited 1 branch of the dungeon, and saw 2 of its levels.

You collected 89 gold pieces.

Inventory:

Missiles
 a - 12 arrows
Jewellery
 d - an uncursed ring of ice
Scrolls
 e - 5 scrolls of remove curse {unknown}
 i - a scroll of enchant armour {unknown}
 j - a scroll of fog {unknown}
 l - a scroll of noise {unknown}
 m - 2 scrolls of teleportation {unknown}
Potions
 b - 2 potions of might {unknown}
 f - 2 potions of agility {unknown}
 g - a potion of flight {unknown}
 h - a potion of curing {unknown}
 k - 2 potions of heal wounds {unknown}
Comestibles
 c - 4 rations
 n - 2 chunks of flesh


   Skills:
 - Level 1.0 Fighting
 - Level 2.0 Dodging
 + Level 3.6 Unarmed Combat
 - Level 2.0 Spellcasting
 + Level 2.8 Transmutations


You had 2 spell levels left.
You knew the following spells:

 Your Spells              Type           Power        Failure   Level  Hunger
a - Beastly Appendage     Tmut           ##....       6%          1    #......
b - Spider Form           Tmut/Pois      #.........   34%         3    ###....

Your spell library contained the following spells:

 Spells                   Type           Power        Failure   Level  Hunger
 Sticks to Snakes         Tmut           ##......     10%         2    ###....
 Ice Form                 Ice/Tmut       #.......     75%         4    #####..
 Blade Hands              Tmut           ##........   87%         5    ######.


Dungeon Overview and Level Annotations

Branches:
Dungeon (2/15)

Altars:

Annotations:
D:2 Sigmund


Innate Abilities, Weirdness & Mutations

You cannot wear most types of armour.
You are very stealthy in the water. (Stealth+)
You are amphibious.
You can wear up to eight rings at the same time.
You can use your tentacles to constrict eight enemies at once.
Your skin changes colour to match your surroundings (Stealth+).
Your rubbery body absorbs attacks. (AC +1, EV +1)


Message History

You hear some strange, mumbled words.
A magic dart appears from out of thin air!
The magic dart hits you.
You barely miss something. Something barely misses you.
The worm closely misses you.
You hit the worm.
The worm is poisoned.
The worm is lightly wounded.
Something closely misses you. The worm bites you!
* * * LOW HITPOINT WARNING * * *
Something misses you.
You bump into the rock wall.
A bat comes into view.
The bat moves out of view.
Something barely misses you.
Your transformation has ended.
You feel less confused. Something hits you.
* * * LOW HITPOINT WARNING * * *
A puff of flame appears from out of thin air!
The puff of flame hits you!
You die...

▒·▒▒··▒▒▒▒▒▒▒▒··▒▒▒
▒·▒▒▒ ▒▒·▒▒ ▒··▒
▒···· ▒··▒ ▒··▒
▒▒▒▒▒ ▒▒·▒▒ ▒··▒
▒··▒ ▒··▒ ▒▒·▒▒
▒··▒ ▒··▒ ▒··▒
▒▒·▒▒ ▒··▒ ▒@·▒
▒▒·▒▒ ▒···▒ ▒ ▒···▒
·▒ ▒·▒·▒▒▒··▒▒▒
▒·▒w·?······
▒·▒▒·▒▒·▒▒▒▒ ··
▒··▒ ▒▒ ▒▒>▒


You could see a worm.

Vanquished Creatures
  An ooze (D:1)
  A dart slug (D:1)
  A leopard gecko (D:1)
  A goblin (D:1)
  4 hobgoblins (D:1)
  2 jackals (D:1)
  2 kobolds (D:1)
  A quokka (D:2)
  2 bats (D:1)
  2 frilled lizards
  2 rats (D:1)
19 creatures vanquished.

Notes
Turn   | Place    | Note
-------+----------+-------------------------------------------
     0 | D:1      | Azzok the Octopode Transmuter began the quest for the Orb.
     0 | D:1      | Reached XP level 1. HP: 13/13 MP: 3/3
   140 | D:1      | Reached XP level 2. HP: 17/18 MP: 5/5
   720 | D:1      | Reached XP level 3. HP: 20/23 MP: 6/6
  1058 | D:1      | Learned a level 3 spell: Spider Form
  1216 | D:2      | Noticed Sigmund
  1234 | D:2      | Killed from afar by Sigmund

Levels and vault maps discovered:
D:1:      ebering_trefoil_twist, layout_rooms,
          wander_ebering_terrifying_dragon_lair
D:2:      layout_basic, uniq_sigmund, uniq_crazy_yiuf_cottage

Action                   || total
-------------------------++-------
Melee: Unarmed           ||    51
       Constrict         ||     9
       Tentacles         ||     2
       Punch             ||     1
 Cast: Spider Form       ||     1
 Stab: Sleeping          ||     1
  Eat: Chunk             ||     1
Armor: Skin              ||     7
Dodge: Dodged            ||    39

Table legend:
 A = Non-vault XP
 B = Vault XP
 C = Vault XP percentage of total XP
 D = Non-vault monster count
 E = Vault monster count
 F = Vault count percentage of total count
                 A         B        C        D         E       F
            +---------+---------+-------+---------+---------+-------
      Total |      39 |       1 |   2.5 |      18 |       1 |   5.3
            +---------+---------+-------+---------+---------+-------
        D:1 |      36 |       1 |   2.7 |      16 |       1 |   5.9
        D:2 |       3 |       0 |   0.0 |       2 |       0 |   0.0
            +---------+---------+-------+---------+---------+-------
